[Event "44th Chess Olympiad Open 2022"]
[Site "Chennai"]
[Date "2022.08.05"]
[Round "7.29"]
[White "Perez Ponsa, Federico"]
[Black "Nielsen, Hogni Egilstoft"]
[Result "1/2-1/2"]
[ECO "E38"]
[WhiteElo "2554"]
[BlackElo "2414"]
[Annotator "TA"]
[PlyCount "120"]
[EventDate "2022.07.29"]
[EventType "team-tourn"]
[EventCountry "IND"]
[SourceTitle "playchess.com"]
[Source "ChessBase"]
[SourceQuality "1"]
[WhiteTeam "Argentina"]
[BlackTeam "Faroe Islands"]
[WhiteTeamCountry "ARG"]
[BlackTeamCountry "FAI"]
[TimeControl "40/5400+30:1800+30"]

1. d4 Nf6 2. c4 e6 3. Nc3 Bb4 4. Qc2 c5 5. dxc5 Bxc5 6. Nf3 Qb6 7. e3 Qc7 8. a3 b6 {[%emt 0:10:34] E38: Nimzo-Indian: Classical: 4...c5.} 9. Be2 Bb7 10. b4 Be7 {[%emt 0:00:00] White has an edge.} 11. Bb2 a6 12. O-O d6 13. Rac1 Nbd7 14. Rfd1 O-O 15. h3 Rac8 16. e4 Qb8 17. Bd3 Rfd8 18. Qe2 {[%emt 0:01:47] [#]} Nf8 $146 ({Predecessor:} 18... Ne5 19. Nxe5 dxe5 20. Na4 Bc6 21. b5 axb5 22. cxb5 Ba8 23. Qe3 Rxc1 24. Rxc1 h6 25. Qxb6 Qxb6 26. Nxb6 Bxe4 27. Bxe4 Nxe4 {0-1 (44) Braeuning,R (2348)-Jablonski,N (2315) Paris 2010}) 19. Qe3 N6d7 20. Ne2 Ng6 21. Ng3 (21. Qd4 $2 Bf6 22. Qe3 (22. e5 $2 Ndxe5 23. Nxe5 Bxe5 $19) 22... Bxb2 $19) 21... Qc7 22. Nh5 (22. Qd4 $2 Bf6 23. Qe3 Bxb2 $19) 22... Nde5 (22... Nge5 $11) 23. Be2 (23. Bd4 $1 $16) 23... Nxf3+ $11 24. Qxf3 ({Of course not} 24. gxf3 e5 $15) 24... e5 25. Qg4 Qc6 26. Bd3 {[%emt 0:10:15] aiming for f4.} Bf8 27. Rf1 Qd7 28. Rfd1 Qe6 29. Qg3 Rb8 (29... b5 $11) 30. Qe3 {[%emt 0:00:45] White is more active.} Be7 31. Be2 {[%emt 0:00:59] Hoping for Bg4.} Qc8 32. Qxb6 Bxe4 33. Qe3 Qb7 34. Bf1 h6 35. Re1 Bc6 36. Rcd1 Bg5 37. Qg3 Qb6 {[%emt 0:00:47] [#]} (37... Rbc8 $11 {keeps the balance.}) 38. Bd3 (38. Rxd6 $1 $16 Rxd6 39. c5) 38... Qb7 (38... Bh4 $11 39. Qe3 Qxe3 40. Rxe3 Ba4) 39. Bxg6 $16 fxg6 40. h4 Bxh4 (40... Ba4 $142) 41. Qxh4 ({Reject} 41. Qxg6 $6 Qf7 42. Qxf7+ Kxf7 $11) 41... gxh5 {[%emt 0:07:19] [#]} 42. Rxe5 dxe5 $14 43. Rxd8+ Rxd8 44. Qxd8+ $16 {[%emt 0:00:03][%mdl 4096] Endgame KQB-KQB} Kh7 45. Qd3+ e4 $1 46. Qd4 (46. Qe2 $5 ) 46... h4 47. Qe5 Qd7 48. Bd4 (48. b5 $5 axb5 49. cxb5 Bxb5 50. Qxe4+ Kg8 51. Qxh4 $14) 48... e3 {[%emt 0:01:08] And now ...Qg4 would win. The position is equal.} 49. Qxe3 Qg4 50. f3 Bxf3 51. Qxf3 Qxd4+ $11 {[%emt 0:00:03] KQ-KQ} 52. Kh2 {[%emt 0:00:07] Black must now prevent Qf5+.} Qxc4 53. Qf5+ Kg8 54. Kh3 Qc6 55. Qg4 Qc3+ 56. Kxh4 Qxa3 57. Qe6+ Kf8 58. Qf5+ Ke7 59. Qe5+ Kf7 60. Qf5+ Ke7 {[%emt 0:00:10] Weighted Error Value: White=0.19 (very precise) /Black=0.17 (very precise)} 1/2-1/2

[Event "44th Chess Olympiad Open 2022"]
[Site "Chennai"]
[Date "2022.08.05"]
[Round "7.29"]
[White "Ziska, Helgi Dam"]
[Black "Peralta, Fernando"]
[Result "1/2-1/2"]
[ECO "A13"]
[WhiteElo "2549"]
[BlackElo "2591"]
[Annotator "ChessBase"]
[PlyCount "60"]
[EventDate "2022.07.29"]
[EventType "team-tourn"]
[EventCountry "IND"]
[SourceTitle "playchess.com"]
[Source "ChessBase"]
[SourceQuality "1"]
[WhiteTeam "Faroe Islands"]
[BlackTeam "Argentina"]
[WhiteTeamCountry "FAI"]
[BlackTeamCountry "ARG"]
[TimeControl "40/5400+30:1800+30"]

1. c4 e6 2. g3 d5 3. Bg2 d4 4. Nf3 Nc6 5. O-O Bc5 6. d3 Nf6 7. e4 e5 8. Nh4 O-O 9. h3 Re8 10. Na3 g6 11. Nc2 a5 12. Bg5 Be7 13. f4 Nd7 14. Bxe7 Qxe7 15. f5 g5 16. f6 Nxf6 17. Nf5 Bxf5 18. Rxf5 Nd7 19. h4 gxh4 20. Qh5 hxg3 21. Bh3 Kh8 22. Raf1 f6 23. Ne1 Qg7 24. R5f3 Nc5 25. Rxf6 Rf8 26. Rf7 Rxf7 27. Rxf7 Qg6 28. Qf3 Qh6 29. Bf5 Qe3+ 30. Kg2 Qxf3+ 1/2-1/2

[Event "44th Chess Olympiad Open 2022"]
[Site "Chennai"]
[Date "2022.08.05"]
[Round "7.29"]
[White "Rodgaard, John"]
[Black "Krysa, Leandro"]
[Result "0-1"]
[ECO "E03"]
[WhiteElo "2324"]
[BlackElo "2515"]
[Annotator "TA"]
[PlyCount "100"]
[EventDate "2022.07.29"]
[EventType "team-tourn"]
[EventCountry "IND"]
[SourceTitle "playchess.com"]
[Source "ChessBase"]
[SourceQuality "1"]
[WhiteTeam "Faroe Islands"]
[BlackTeam "Argentina"]
[WhiteTeamCountry "FAI"]
[BlackTeamCountry "ARG"]
[TimeControl "40/5400+30:1800+30"]

1. Nf3 d5 2. d4 Nf6 3. c4 e6 4. g3 dxc4 5. Qa4+ Nbd7 6. Bg2 a6 7. Qxc4 b5 8. Qc6 Rb8 9. Bf4 $1 {[%emt 0:00:42] E03: Open Catalan: 5 Qa4+ Nbd7 6 Qxc4.} Bb7 10. Qxc7 Qxc7 11. Bxc7 {[%emt 0:00:09] White has an edge.} Bb4+ 12. Nbd2 Rc8 13. Bf4 Rc2 $1 14. O-O Nd5 15. Rfc1 Rxb2 16. a3 {[%emt 0:14:50][%cal Ba2a3,Ba3a4][%mdl 32] [#]} Ba5 $146 ({Predecessor:} 16... Nxf4 17. gxf4 Ba5 18. Rab1 Rxb1 19. Nxb1 Ke7 20. Ne5 Bxg2 21. Kxg2 Nxe5 22. fxe5 Kd7 23. a4 Rb8 24. axb5 axb5 25. Kf3 Bb4 26. Ke4 Ra8 27. Nc3 Bxc3 {½-½ (27) Happel,H (2217)-Van der Wiel,J (2458) Nordrheinwestfalen 2010}) 17. a4 $1 Nxf4 18. gxf4 Ke7 (18... Rxd2 $2 19. Nxd2 Bxd2 20. Rc2 $18) 19. axb5 Bxd2 20. Nxd2 Bxg2 (20... Rxd2 21. Bxb7 axb5 22. e3 $16) 21. Nc4 Rxb5 22. Kxg2 Rc8 23. Ne5 ({Don't go for} 23. Rxa6 $2 Rb4 24. f5 Rcxc4 $19) 23... Rxc1 24. Rxc1 {[%emt 0:00:04] aiming for Rc7.} Nxe5 25. fxe5 $11 {[%emt 0:00:25][%mdl 4096] Endgame KR-KR} Kd7 26. Ra1 a5 27. e4 Kc6 28. Kf3 f6 29. exf6 gxf6 30. Kf4 Kb6 31. Ke3 Rb3+ 32. Kf4 Rb4 33. Rd1 Rxd4 34. Rxd4 {[%emt 0:00:32] KR-KP} e5+ 35. Ke3 {[%emt 0:00:06] Threatening mate with Rd6+.} exd4+ 36. Kxd4 {[%emt 0:00:07] K3P-K3P} a4 37. f4 a3 (37... Kb5 $5 38. e5 a3 $11) 38. Kc3 Kc5 (38... a2 $5 39. Kb2 Kc5 40. Kxa2 h6 $11) 39. Kb3 Kd4 40. e5 fxe5 41. fxe5 Kxe5 42. Kxa3 {[%emt 0:01:15] KP-KP} Kf4 43. Kb3 Kg4 44. Kc3 Kh3 45. Kd3 Kxh2 {[%emt 0:00:00] ( -> ...h5)} 46. Ke4 $2 {[%emt 0:00:00][%mdl 8192] White does not recover from this.} (46. Ke2 $11) 46... Kg3 {[%emt 0:00:00] Black mates.} 47. Ke3 {[%emt 0:00:00] [#]} h5 $1 48. Ke2 Kg2 49. Ke3 {[%emt 0:00:00] [#]} h4 $1 50. Kf4 h3 {[%emt 0:00:00] Weighted Error Value: White=0.19 (very precise) /Black=0.02 (flawless)} 0-1

[Event "44th Chess Olympiad Open 2022"]
[Site "Chennai"]
[Date "2022.08.05"]
[Round "7.30"]
[White "Berg, Emanuel"]
[Black "Mehdi Hasan Parag"]
[Result "1-0"]
[ECO "B19"]
[WhiteElo "2533"]
[BlackElo "2227"]
[Annotator "TA"]
[PlyCount "175"]
[EventDate "2022.07.29"]
[EventType "team-tourn"]
[EventCountry "IND"]
[SourceTitle "playchess.com"]
[Source "ChessBase"]
[SourceQuality "1"]
[WhiteTeam "Sweden"]
[BlackTeam "Bangladesh"]
[WhiteTeamCountry "SWE"]
[BlackTeamCountry "BAN"]
[TimeControl "40/5400+30:1800+30"]

1. e4 c6 2. d4 d5 3. Nc3 dxe4 4. Nxe4 Bf5 5. Ng3 Bg6 6. h4 h6 7. Nf3 Nd7 8. h5 Bh7 9. Bd3 Bxd3 10. Qxd3 e6 11. Bd2 Ngf6 12. O-O-O Be7 13. Kb1 O-O 14. Qe2 c5 {[%emt 0:05:42] B19: Classical Caro-Kann: 4...Bf5 main line.} 15. Bc1 Rc8 (15... Qb6 {seems wilder.} 16. dxc5 Nxc5 17. Be3 Rfd8) 16. Nf1 cxd4 {[%emt 0:08:54] Black has an edge.} 17. Nxd4 Qb6 {[%emt 0:19:44] [#]} 18. c4 $146 (18. g4 $11) ({Predecessor:} 18. Rh3 Nc5 19. Nb3 Nxb3 20. Rxb3 Qc6 21. Ne3 Rfd8 22. Rbd3 Rxd3 23. Rxd3 a6 24. g4 {½-½ (72) Wang,L (2415)-Lou,Y (2489) Tagaytay City 2013}) 18... Nc5 19. f3 {[%emt 0:07:36] Inhibits Nce4.} (19. Be3 $15) 19... Rfd8 $17 20. Be3 Na4 $1 21. Nb3 Qa6 ({Black should try} 21... Rxd1+ 22. Qxd1 Qa6) 22. Rxd8+ Rxd8 23. Ng3 Qd6 24. Bf2 b6 25. Nd4 Qd7 {[%emt 0:02:24][%cal Oe7a3] Threatens to win with ...Ba3!} 26. Nc2 {[%emt 0:08:34] Prevents Ba3.} (26. Nb3 $17 {was necessary.}) 26... Bc5 27. Bxc5 bxc5 (27... Nxc5 $17 28. Qe3 Qc7) 28. Qe3 $1 $15 Qd6 29. Ne2 Qd2 (29... Nb6 $5 30. b3 Qd2 $15) 30. Qxd2 $1 Rxd2 31. Nf4 e5 32. Kc1 Rxc2+ 33. Kxc2 exf4 34. Rh4 Kf8 35. b3 Nb6 36. Rxf4 Nbd7 37. Rh4 $1 Ke7 38. Rh1 Ne5 39. Kd2 Nc6 40. g4 Nd4 41. Ke3 Kd6 42. Rh2 a5 43. Rd2 Ke5 44. Rg2 Nd7 45. f4+ Ke6 46. g5 Nb8 47. Ke4 Nbc6 48. gxh6 gxh6 49. Rg8 Nf5 50. Re8+ Nce7 51. Ra8 Nd6+ 52. Kf3 Nc6 53. Kg4 f5+ 54. Kf3 {[%emt 0:01:01][%mdl 1024] White has compensation.} Ke7 55. Rh8 Nf7 56. Rc8 Kd7 57. Rg8 Ke7 58. Rc8 Kd7 59. Rg8 Ke7 60. Ke3 Ncd8 61. Rg6 Ne6 62. a4 Nd4 63. Ra6 Nxb3 64. Kd3 Nd6 65. Kc3 Nd4 66. Rxa5 Ne2+ {[%emt 0:02:31] Pair of Knights!} 67. Kb3 {[%emt 0:00:00] White wants to play Ra7+.} Nxf4 68. Ra7+ Ke6 $2 (68... Kf6 $1 $11) 69. a5 $1 $18 Ne2 {[%emt 0:03:02] [#]} (69... Nxh5 $2 70. a6 Nf6 71. Rc7 $18) 70. Rh7 $1 Nd4+ 71. Kc3 (71. Ka4 $18 {has better winning chances.} f4 72. Rxh6+ Ke5 73. Rg6) 71... Nf7 $16 72. a6 {[%emt 0:00:41] And now a7 would win.} Nc6 {[%emt 0:00:00] [#]} 73. Rg7 $1 Na7 (73... Nfe5 $16) 74. Rg6+ Ke7 $2 (74... Ke5 {is tougher.} 75. Rg8 (75. Rg7 Ke6 $16) 75... Ng5 76. Re8+ Ne6) 75. Kd2 $18 {[%emt 0:00:35] Strongly threatening Ke3.} f4 76. Ke2 Kd7 77. Rf6 Ke7 78. Rg6 Kd7 79. Rf6 (79. Rg8 $142 Nc8 80. Kf3) 79... Ke7 $1 80. Rf5 Nd8 $2 (80... Nc6 81. Rxc5 Kd7) 81. Rxf4 Ne6 82. Rg4 Nc6 83. Ke3 Ng5 (83... Ne5 $142 84. Rg8 Nxc4+ 85. Kf2 Nd6) 84. Rg1 Kd6 {[%emt 0:00:54] [#]} 85. Rxg5 $1 {[%emt 0:00:32][%mdl 576] Promotion. White mates.} hxg5 86. h6 Ne5 87. h7 Nxc4+ 88. Ke2 {[%emt 0:01:04] White used his chance.  Weighted Error Value: White=0.10 (very precise) /Black=0.09 (flawless)} 1-0

[Event "44th Chess Olympiad Open 2022"]
[Site "Chennai"]
[Date "2022.08.05"]
[Round "7.30"]
[White "Hillarp Persson, Tiger"]
[Black "Rahman, Ziaur"]
[Result "1/2-1/2"]
[ECO "A13"]
[WhiteElo "2516"]
[BlackElo "2424"]
[Annotator "TA"]
[PlyCount "115"]
[EventDate "2022.07.29"]
[EventType "team-tourn"]
[EventCountry "IND"]
[SourceTitle "playchess.com"]
[Source "ChessBase"]
[SourceQuality "1"]
[WhiteTeam "Sweden"]
[BlackTeam "Bangladesh"]
[WhiteTeamCountry "SWE"]
[BlackTeamCountry "BAN"]
[TimeControl "40/5400+30:1800+30"]

1. c4 e6 2. Nf3 d5 3. g3 Nf6 4. Bg2 dxc4 5. O-O a6 6. Qc2 {[%emt 0:01:34] A13: English Opening: 1...e6.} Bd6 7. Qxc4 b5 8. Qb3 {[%emt 0:09:47] was the old line (8.Qc2).} Bb7 9. a4 Nbd7 10. d4 {[%emt 0:03:21] Inhibits Nc5.} (10. Nc3 $5 ) 10... O-O 11. Bg5 Rb8 {[%emt 0:02:44] [#]} 12. axb5 $146 ({Predecessor:} 12. Nbd2 h6 13. Bxf6 Qxf6 14. axb5 axb5 15. Ra5 c5 16. dxc5 Nxc5 17. Qe3 Bxf3 18. Bxf3 {½-½ (26) Shetty,A (2453)-Turgut,A (2275) Philadelphia 2021}) 12... axb5 13. Rc1 h6 14. Bf4 Bxf4 15. gxf4 Nd5 16. e3 Qe7 17. Ra7 b4 18. Nbd2 Rfc8 19. Qd1 N5b6 {[%emt 0:10:13] [#]} 20. Nb3 $1 Bd5 21. Raxc7 Rxc7 22. Rxc7 Qd8 23. Rc1 Na4 24. Qc2 Ndb6 25. Nc5 Rc8 26. Qe2 {[%emt 0:00:00] White is more active.} (26. Ne5 $16) 26... Nxc5 $1 $11 27. dxc5 Na4 $1 28. Ne5 {[%emt 0:00:29] [#] And now Bxd5 would win.} (28. Qd2 $5 Nxc5 29. Qxb4 $11) 28... Bxg2 {[%emt 0:00:00] The position is equal.} (28... Rxc5 {is more complex.} 29. Ra1 Bxg2 30. Kxg2 Nb6) 29. Kxg2 {[%emt 0:00:09] Black must now prevent Rd1.} Rxc5 30. Rxc5 (30. Ra1 {looks sharper.} Nb6 31. Qa6 g5 32. Qa7) 30... Nxc5 {[%emt 0:00:05][%mdl 4096] Endgame KQN-KQN} 31. Qc4 Qb6 32. Kg3 f6 33. Nf3 b3 34. Nd4 Kh8 35. Kg2 e5 36. Ne2 Qc6+ 37. Kg1 Qd6 38. fxe5 fxe5 39. Ng3 Qd1+ 40. Kg2 Qd6 41. h4 Qc6+ 42. Kf1 Qd6 43. Ke2 Kh7 44. Ne4 Nxe4 45. Qxe4+ {[%emt 0:00:09] KQ-KQ} Qg6 46. Kd3 {[%emt 0:03:21] Threatening mate with h5.} h5 47. Qxg6+ Kxg6 {[%emt 0:00:00] KP-KP} 48. Ke4 Kf6 49. f4 exf4 50. Kxf4 {[%emt 0:00:00] K3P-K3P} Ke6 (50... g6 $5 51. e4 Ke6 $11) 51. e4 g6 (51... Kf6 $5) 52. Kg5 Ke5 $1 53. Kxg6 Kxe4 54. Kxh5 Kd3 $1 55. Kg4 {[%emt 0:00:27] Intending h5 and mate.} Kc2 56. h5 {[%emt 0:00:06][%cal Bh4h5,Bh5h6,Bh6h7][%mdl 32] h6 would kill now.} Kxb2 57. h6 {[%emt 0:00:05] White wants to mate with h7.} Ka2 58. h7 {[%emt 0:00:12] Weighted Error Value: White=0.06 (flawless) /Black=0.05 (flawless)} 1/2-1/2

[Event "44th Chess Olympiad Open 2022"]
[Site "Chennai"]
[Date "2022.08.05"]
[Round "7.30"]
[White "Murshed, Niaz"]
[Black "Westerberg, Jonathan"]
[Result "1/2-1/2"]
[ECO "D27"]
[WhiteElo "2413"]
[BlackElo "2476"]
[Annotator "TA"]
[PlyCount "128"]
[EventDate "2022.07.29"]
[EventType "team-tourn"]
[EventCountry "IND"]
[SourceTitle "playchess.com"]
[Source "ChessBase"]
[SourceQuality "1"]
[WhiteTeam "Bangladesh"]
[BlackTeam "Sweden"]
[WhiteTeamCountry "BAN"]
[BlackTeamCountry "SWE"]
[TimeControl "40/5400+30:1800+30"]

1. d4 Nf6 2. Nf3 d5 3. c4 e6 4. Nc3 dxc4 5. e3 a6 6. Bxc4 b5 7. Bd3 Bb7 8. O-O c5 9. Qe2 Nbd7 {[%emt 0:00:26] D27: Queen's Gambit Accepted: Classical main line: 7 e4!? and 7 a4.} 10. h3 Be7 11. Rd1 {[%emt 0:00:34] [#]} O-O $146 {[%emt 0:06:56] Black has an edge.} ({Predecessor:} 11... Qc7 12. e4 cxd4 13. Nxd4 O-O 14. Bg5 Rac8 15. Rac1 Qb8 16. a3 Rfd8 {½-½ (48) Johansen,S (1938)-Haarr,J (2204) Fagernes 2011}) 12. dxc5 Bxc5 13. e4 e5 {[%emt 0:00:16] Prevents Bf4.} 14. Be3 Qb6 15. Bxc5 Nxc5 16. Qe3 (16. Nxe5 Rfe8 17. b4 (17. Nd5 $2 Nxd5 18. exd5 Nxd3 $19) 17... Ncxe4 18. Nxe4 Rxe5 19. Nxf6+ Qxf6 $15) 16... Rfe8 (16... Qa7 {is more complex.} 17. Nxe5 Rfe8 18. b4 Ncxe4 19. Qxa7 Rxa7 20. Nxe4 Bxe4 21. Ng4 Bxd3 22. Nxf6+ gxf6 23. Rxd3 a5) 17. b4 Ncd7 18. Qxb6 Nxb6 19. Nd2 Rac8 20. Rac1 Rc7 21. Nb3 Nbd7 {[%emt 0:01:57] Inhibits Nc5.} 22. f3 Rec8 23. Ne2 Kf8 24. Rxc7 Rxc7 25. Rc1 Rxc1+ 26. Nexc1 Ke7 27. Kf2 Ne8 28. Ne2 Kd6 29. Nc3 Bc6 30. Na5 Nb6 31. Bc2 Ba8 32. Bb3 Ke7 33. Nd1 g6 34. Ne3 Nd6 35. g4 f6 36. h4 Kf8 37. Be6 Ke7 38. Bg8 Kf8 39. Bb3 ({Of course not} 39. Bxh7 Kg7 40. Bxg6 Kxg6 $17) 39... Ke7 40. Ke2 (40. g5 $14) 40... Kf8 (40... f5 $5) 41. Be6 Ke7 42. Bg8 Kf8 43. Bb3 ({But not} 43. Bxh7 Kg7 44. Bxg6 Kxg6 $15) 43... Ke7 44. h5 (44. g5 $14) 44... Kf8 45. Be6 Ne8 46. Bb3 Nc7 47. h6 Nd7 48. Kd3 Ne8 (48... Ke7 $11) 49. Be6 $1 $14 Nb6 50. Nb3 Nc7 51. Nc5 Bb7 52. g5 {[%emt 0:02:13] White is more active.} ({Don't play} 52. Nxb7 Nxe6 53. Nc5 Ke7 $11) (52. Bb3 $14 Bc8 53. Kc3) 52... Nxe6 $11 53. Nxe6+ {[%emt 0:00:06][%mdl 4096] Endgame KBN-KNN} Ke7 54. Nc5 Bc8 55. gxf6+ Kxf6 56. Nd5+ Nxd5 57. exd5 {[%emt 0:00:06] KB-KN} Bf5+ 58. Ne4+ Ke7 59. Ke3 {[%emt 0:00:11] [#] Black must now prevent Ng5.} Bxe4 60. fxe4 Kf6 61. Kf3 Ke7 62. Kg4 Kf6 63. Kh4 Kf7 64. Kg5 Ke7 {[%emt 0:00:02] Weighted Error Value: White=0.08 (flawless) /Black=0.08 (flawless)} 1/2-1/2

[Event "44th Chess Olympiad Open 2022"]
[Site "Chennai"]
[Date "2022.08.05"]
[Round "7.30"]
[White "Hossain, Enamul"]
[Black "Grandelius, Nils"]
[Result "1-0"]
[ECO "B90"]
[WhiteElo "2377"]
[BlackElo "2655"]
[Annotator "TA"]
[PlyCount "109"]
[EventDate "2022.07.29"]
[EventType "team-tourn"]
[EventCountry "IND"]
[SourceTitle "playchess.com"]
[Source "ChessBase"]
[SourceQuality "1"]
[WhiteTeam "Bangladesh"]
[BlackTeam "Sweden"]
[WhiteTeamCountry "BAN"]
[BlackTeamCountry "SWE"]
[TimeControl "40/5400+30:1800+30"]

1. e4 c5 2. Nf3 d6 3. d4 cxd4 4. Nxd4 Nf6 5. Nc3 a6 6. f3 e5 7. Nb3 Be6 8. Be3 h5 9. Qd2 Nbd7 10. O-O-O Be7 11. Kb1 Rc8 {[%emt 0:02:22] is more profitable than 11...b5 at the moment.} 12. Bd3 {[%emt 0:03:48] B90: Sicilian Najdorf: Unusual White 6th moves, 6 Be3 Ng4 and 6 Be3 e5.} b5 13. h3 h4 14. f4 {[%emt 0:01:08] The position is equal.} Qc7 15. Rhe1 O-O $1 16. a3 {[%emt 0:16:10] [#]} exf4 $146 (16... Nc5 $11) ({Predecessor:} 16... Qb7) 17. Bxf4 $14 Ne5 18. Nd4 Qb7 19. Nd5 (19. Bg5 $14) 19... Nxd5 $11 20. exd5 Qxd5 {[%emt 0:04:43] ( -> ...Qa2+)} 21. Nxe6 Qxe6 (21... fxe6 $2 22. Bxe5 dxe5 23. Qe2 $18) 22. Be4 Bf6 23. Qa5 ({Don't play} 23. Qxd6 Qxd6 24. Rxd6 Nc4 $11) 23... Nc4 24. Qxa6 Qd7 25. Bc1 {[%emt 0:02:41] This bishop pair is nice.} (25. b3 $16 Qc7 26. bxc4 Qxc4 27. Qxd6) 25... Rc7 26. Bd5 Qf5 {[%emt 0:05:54][%cal Oc4e3] Strongly threatening ...Ne3!} 27. Re2 {[%emt 0:03:30][%cal Be1e2,Be2f2,Bf2f7][%mdl 32] Inhibits Ne3.} Rb8 $1 28. Ka2 Be5 29. c3 Qd7 (29... g6 $11) 30. Rf2 $36 {[%emt 0:01:58][%mdl 2048] Black is under pressure.} Qd8 $2 {[%emt 0:01:35][%mdl 8192] [#] Loses the game.} (30... Qe8 $14) 31. Rxf7 $1 $18 Rxf7 (31... Kh7 32. Bg5) 32. Qa7 {[%emt 0:00:03][%mdl 64] Inhibits Qc7. Pin} Qf8 {[%emt 0:00:33][%cal Oc4b6] White must now prevent ...Nb6!} 33. Rf1 {[%emt 0:00:51][%cal Rf1f7][%mdl 64] Pin} ({Less strong is} 33. Bxf7+ Qxf7 34. Qxb8+ Kh7 $18) 33... Bf6 {[%emt 0:00:01][%cal Oc4b6] ...Nb6! is the strong threat.} 34. Bxf7+ Qxf7 35. Qxb8+ Kh7 36. Qxb5 Nd2+ 37. Ka1 Nxf1 38. Qxf1 {[%emt 0:00:07][%mdl 4096] Endgame KQB-KQB} Qd5 39. Qf3 Qb3 40. Kb1 d5 $2 (40... Kg8 41. Qc6 Qd1) 41. Qd3+ Kg8 42. Be3 {[%emt 0:01:02] Prevents d4.} Be7 43. Qc2 Qb5 44. a4 Qf1+ 45. Ka2 Bf6 46. Qd2 Qc4+ 47. b3 Qe4 48. a5 Qe6 49. Bd4 Qa6 50. b4 Be7 51. Qe3 Bf8 52. Kb2 {[%emt 0:04:19] Hoping for Qe5.} Qc4 53. Qe6+ Kh7 54. Qg4 (54. Qf7 $142 Qc8 55. b5 Qb8 56. b6 Qd8 57. Kc2 Qd6 58. b7 Qd8 59. a6) 54... Kg8 {[%emt 0:00:17] [#]} 55. Bxg7 $1 {[%emt 0:02:06][%mdl 512] Weighted Error Value: White=0.12 (very precise) /Black=0.43} 1-0

[Event "44th Chess Olympiad Open 2022"]
[Site "Chennai"]
[Date "2022.08.05"]
[Round "7.31"]
[White "Druska, Juraj"]
[Black "Markov, Mikhail"]
[Result "1/2-1/2"]
[ECO "B50"]
[WhiteElo "2519"]
[BlackElo "2333"]
[Annotator "TA"]
[PlyCount "117"]
[EventDate "2022.07.29"]
[EventType "team-tourn"]
[EventCountry "IND"]
[SourceTitle "playchess.com"]
[Source "ChessBase"]
[SourceQuality "1"]
[WhiteTeam "Slovakia"]
[BlackTeam "Kyrgyzstan"]
[WhiteTeamCountry "SVK"]
[BlackTeamCountry "KGZ"]
[TimeControl "40/5400+30:1800+30"]

1. e4 c5 2. Nf3 d6 3. Nc3 a6 4. g3 Nc6 5. Bg2 g6 6. d4 {[%emt 0:05:23] With the idea dxc5. B50: Sicilian: 2...d6, Miscellaneous.} cxd4 (6... Bg4 {with more complications.} 7. dxc5 dxc5 8. Nd5 Bg7) 7. Nxd4 Bg7 8. Nxc6 {[%emt 0:10:19] White is slightly better.} bxc6 9. O-O Rb8 {[%emt 0:11:02] [#]} 10. Na4 $146 ({Predecessor:} 10. Qd3 h5 11. h3 Nh6 12. a4 a5 13. Rb1 Qc7 14. b3 Kf8 15. Bd2 Ng8 16. Be3 {1-0 (101) Schwarte,J (2319)-Gulevich,A (2311) ICCF email 2014}) 10... h5 11. c4 h4 12. c5 (12. e5 Bxe5 13. Re1 (13. Bxc6+ Bd7 $17) 13... Qc7 $17) 12... hxg3 13. hxg3 Be5 14. cxd6 exd6 15. Be3 (15. f4 $5 Bg7 16. Be3 $11) 15... Bh3 ({Black should play} 15... Nf6 $11) 16. Bxh3 $14 Rxh3 17. Kg2 $1 Rh5 18. Qc2 Qd7 (18... c5 $14) 19. Rh1 $36 {[%emt 0:00:07][%mdl 2048] White is on the roll.} Ne7 20. Nb6 (20. Rxh5 $16 gxh5 21. Rh1) 20... Qe6 (20... Qg4 21. Nc4 $16) (20... Qc7 $1 $14) 21. Rxh5 $18 gxh5 22. Rh1 (22. f4 $18 Bg7 23. f5) 22... Qg6 (22... d5 $16) 23. Nc4 Bg7 24. Bf4 Rd8 25. Qe2 {[%emt 0:04:40] White is more active.} Qe6 26. Nxd6+ Rxd6 27. Bxd6 Qxd6 28. Qxa6 Qd2 (28... Qb4 $16 {was necessary.}) 29. Qa8+ (29. Rxh5 $6 Bd4 $16) 29... Kd7 30. Qb7+ (30. Rxh5 Qe2 31. Qa7+ (31. Qb7+ Kd8 $11) 31... Ke6 $11) 30... Ke8 31. Qb8+ (31. Rxh5 $6 Qe2 32. Rh4 (32. Qb8+ Kd7 $11) 32... Bxb2 $16) 31... Kd7 32. Qb7+ (32. Rxh5 $6 Qe2 33. Rh4 Ng6 $11) ({White should try} 32. Qb3 $1 {aiming for Rd1.} Ke8 33. Rd1 (33. Rxh5 Bd4 $16) 33... Qxb2 34. Qd3) 32... Ke8 $16 33. Rxh5 Bd4 34. Qb8+ Kd7 {[%emt 0:00:05] [#]} 35. Qb7+ (35. Qf4 $1 $16 Qxf4 36. gxf4) 35... Ke8 $11 36. Qa8+ ({Don't do} 36. Qb8+ $6 Kd7 37. Qf4 (37. Qb7+ Kd8 $16) 37... Qxf4 38. gxf4 Bxb2 $16) 36... Kd7 37. Qb7+ Ke8 38. Qb8+ (38. Kh3 $11 Qxf2 39. Qb8+ Kd7 40. Qf4 (40. Rh6 $2 Qf1+ 41. Kh4 Qh1+ 42. Kg4 Qxh6 $19)) 38... Kd7 $16 {[%emt 0:00:01] [#]} 39. Qf4 Qxf4 40. gxf4 Bxb2 41. a4 f5 (41... Bd4 $16 42. Rh7 Ke8) 42. Kf3 (42. exf5 $18 {Hoping for Rh7.} Bc3 43. Rh7) 42... c5 $2 (42... fxe4+ $14 43. Kxe4 Nd5 44. Rh7+ Kd6) 43. exf5 $2 (43. a5 $18) 43... c4 $11 44. Ke4 {[%emt 0:05:01][%cal Of5f6] Threatens to win with f6!} Bf6 45. Rh6 c3 $1 {[%emt 0:00:16] Strongly threatening ...c2. The position is equal.} 46. Kd3 ({Wrong is} 46. Rxf6 $2 c2 47. Rh6 c1=Q $19) 46... Nd5 47. Rxf6 Nxf6 48. Kxc3 {[%emt 0:00:05][%mdl 4096] Endgame KN-KP} Nd5+ 49. Kd4 Nb4 50. Kc5 Nc6 51. f6 Na5 52. f5 Ke8 53. Kb4 Nb7 54. Kb5 Kf7 55. Kb6 Nd6 56. Kc6 Nc4 57. Kc5 Na5 58. Kb5 Nb7 59. Kb6 {[%emt 0:00:26] Weighted Error Value: White=0.30/Black=0.24 (precise)} 1/2-1/2

[Event "44th Chess Olympiad Open 2022"]
[Site "Chennai"]
[Date "2022.08.05"]
[Round "7.31"]
[White "Ftacnik, Lubomir"]
[Black "Zhakshylykov, Erzhan"]
[Result "0-1"]
[ECO "D37"]
[WhiteElo "2483"]
[BlackElo "2332"]
[Annotator "ChessBase"]
[PlyCount "56"]
[EventDate "2022.07.29"]
[EventType "team-tourn"]
[EventCountry "IND"]
[SourceTitle "playchess.com"]
[Source "ChessBase"]
[SourceQuality "1"]
[WhiteTeam "Slovakia"]
[BlackTeam "Kyrgyzstan"]
[WhiteTeamCountry "SVK"]
[BlackTeamCountry "KGZ"]
[TimeControl "40/5400+30:1800+30"]

1. Nf3 Nf6 2. c4 e6 3. Nc3 d5 4. d4 Be7 5. Bf4 O-O 6. e3 c5 7. dxc5 Bxc5 8. a3 Nc6 9. Qc2 Qa5 10. Nd2 Be7 11. Rd1 a6 12. Be2 Bd7 13. g4 e5 14. g5 exf4 15. gxf6 Bxf6 16. Nxd5 fxe3 17. Nxf6+ gxf6 18. Rg1+ Kh8 19. fxe3 Rae8 20. Rg3 Rg8 21. Kf2 Rxg3 22. hxg3 Qg5 23. Nf1 Bh3 24. Qc3 Ne5 25. e4 Qg6 26. Ne3 Rg8 27. g4 Qg5 28. Rh1 Qh4+ 0-1